 Dungeon Crawl Stone Soup version 0.27.1-15-g792fb953b9 (webtiles) character file.

Game seed: 5009922879633288674

165 Findor the Firebug (level 5, -4/31 HPs)
             Began as an Octopode Fire Elementalist on Nov 19, 2021.
             Killed by divine providence
             ... invoked by an orc priest
              (9 damage)
             ... on level 3 of the Dungeon.
             The game lasted 00:05:01 (2826 turns).

Findor the Firebug (Octopode Fire Elementalist)     Turns: 2826, Time: 00:05:02

Health: -4/31      AC:  1    Str:  7    XL:     5   Next: 46%
Magic:  4/9        EV: 13    Int: 18    God:
Gold:   79         SH:  0    Dex: 13    Spells: 9/10 levels left

rFire    . . .     SeeInvis .   g - +2 dagger (flame)
rCold    . . .     Faith    .   (no shield)
rNeg     . . .     Spirit   .   (helmet restricted)
rPois    .         Reflect  .   (no amulet)
rElec    .         Harm     .   c - ring of flight
rCorr    .         Rampage  .   (no ring)
Will     .....                  (no ring)
Stlth    +++.......             (no ring)
HPRegen  0.10/turn              (no ring)
MPRegen  0.11/turn              (no ring)
                                (no ring)
                                (no ring)

@: flying
A: almost no armour, amphibious, 8 rings, camouflage 1, gelatinous body 1,
(nimble swimmer 1), tentacles
a: no special abilities


You were on level 3 of the Dungeon.
You visited 1 branch of the dungeon, and saw 3 of its levels.

You collected 79 gold pieces.


Innate Abilities, Weirdness & Mutations

You cannot wear most types of armour.
You are amphibious.
You can wear up to eight rings at the same time.
Your skin changes colour to match your surroundings (Stealth+).
Your rubbery body absorbs attacks. (AC +1, EV +1)
((You are camouflaged near water. (Stealth+)))
You have tentacles for arms and can constrict up to eight enemies at once.


   Skills:
 - Level 2.0 Dodging
 - Level 2.6 Stealth
 + Level 3.0 Spellcasting
 + Level 2.5 Conjurations
 * Level 4.7 Fire Magic


You had 9 spell levels left.
You knew the following spells:

 Your Spells              Type           Power      Damage    Failure   Level
a - Foxfire               Conj/Fire      60%        2x1d7     3%          1

Your spell library contained the following spells:

 Spells                   Type           Power      Damage    Failure   Level
 Conjure Flame            Conj/Fire      15%        6-21      11%         3
 Inner Flame              Hex/Fire       11%        N/A       19%         3
 Sticky Flame             Conj/Fire      15%        2d4       34%         4
 Fireball                 Conj/Fire      7%         3d5       69%         5

Inventory:

Hand Weapons
 g - a +2 dagger of flaming (weapon)
   (You took it off a goblin on level 1 of the Dungeon)
Missiles
 b - 3 poisoned darts
Magical Staves
 d - a staff of air
   (You found it on level 2 of the Dungeon)
 h - a staff of cold
   (You found it on level 2 of the Dungeon)
Jewellery
 c - a ring of flight (left tentacle)
   (You found it on level 1 of the Dungeon)
Wands
 x - a wand of acid (9)
   (You found it on level 2 of the Dungeon)
Scrolls
 e - a scroll of identify {unknown}
 f - a scroll of teleportation {unknown}
Potions
 a - a potion of lignification {!q}


Message History

You conjure some foxfire!
The orc hits you but does no damage.
The foxfire hits the orc.
You kill the orc!
Things that are here:
a +0 trident; an orc corpse
Things that are here:
a +0 dagger; a +0 ring mail; an orc corpse You start resting.
You start resting.
A hobgoblin comes into view.
A hobgoblin is nearby!
A hobgoblin is nearby!
An orc comes into view. It is wielding a +0 flail.
Casting: Foxfire (safe; 3% risk of failure)
You conjure some foxfire!
The foxfire hits the hobgoblin. x2
You kill the hobgoblin!
Casting: Foxfire (safe; 3% risk of failure)
You miscast Foxfire.
You are very lightly contaminated with residual magic.
Nothing appears to happen.
Casting: Foxfire (safe; 3% risk of failure)
You conjure some foxfire!
Casting: Foxfire (safe; 3% risk of failure)
You conjure some foxfire!
The foxfire hits the orc.
The orc shouts!
An orc priest comes into view. It is wielding a +0 war axe.
The foxfire hits the orc.
You kill the orc!
A goblin comes into view. It is wielding a +0 club.
Casting: Foxfire (safe; 3% risk of failure)
You conjure some foxfire!
Your magical contamination has completely faded away.
The foxfire hits the goblin. x2
You kill the goblin!
The orc priest calls down the wrath of Beogh upon you.
Beogh smites you!
Casting: Foxfire (safe; 3% risk of failure)
You conjure some foxfire!
Casting: Foxfire (safe; 3% risk of failure)
You conjure some foxfire!
The foxfire hits the orc priest but does no damage.
The foxfire hits the orc priest but does no damage.
The foxfire hits the orc priest.
The orc priest mumbles some strange prayers to Beogh against you.
Beogh smites you!
* * * LOW HITPOINT WARNING * * *
The orc priest calls down the wrath of Beogh upon you.
Beogh smites you!
You die...

...)..##.#.#.# ......#
#..... #####......#.# .....
###.#.## #........# ...
#.†...## #...(....# #.#
#.#.#### #.##.#..#######)###
#.#<####
#§.......#....)_..###.#.....
#.#####..#.#.##)#÷....######
####.#####..#.##.#.)######
..............@..##.#
###.##.o.####.#####.#
...).#.# #.#####.# #.##...#
#.......# .) ##.## #########
.# #. #. #.


You could see an orc priest.

Vanquished Creatures
  2 orc priests
  Jessica (D:2)
  Robin (D:1)
  2 dart slugs
  4 orcs (D:3)
  5 bats
  2 endoplasms (D:2)
  A giant cockroach (D:1)
  13 goblins
  7 hobgoblins
  6 jackals (D:3)
  2 quokkas
  6 ball pythons
  2 frilled lizards (D:1)
  2 kobolds
  3 rats
59 creatures vanquished.

Vanquished Creatures (collateral kills)
  A foxfire (D:3)
1 creature vanquished.

Vanquished Creatures (others)
  127 foxfires
127 creatures vanquished.

Grand Total: 187 creatures vanquished

Notes
Turn   | Place    | Note
-------+----------+-------------------------------------------
     0 | D:1      | Findor the Octopode Fire Elementalist began the quest for
                  | the Orb.
     0 | D:1      | Reached XP level 1. HP: 11/11 MP: 3/3
   176 | D:1      | Reached XP level 2. HP: 17/17 MP: 1/5
   260 | D:1      | Found a faded altar of an unknown god.
   895 | D:2      | Reached XP level 3. HP: 21/21 MP: 4/6
  1427 | D:2      | Noticed Robin
  1480 | D:1      | Killed Robin
  1622 | D:2      | Noticed Jessica
  1633 | D:2      | Killed Jessica
  1634 | D:2      | Reached skill level 4 in Fire Magic
  1634 | D:2      | Reached XP level 4. HP: 24/27 MP: 1/7
  2362 | D:3      | Found a broken altar of Ashenzari.
  2398 | D:2      | HP: 7/40 [orc priest/divine providence (13)]
  2405 | D:2      | Reached XP level 5. HP: 14/31 MP: 5/9
  2718 | D:3      | Reached skill level 3 in Spellcasting
  2825 | D:3      | HP: 5/31 [orc priest/divine providence (13)]
  2826 | D:3      | Killed from afar by an orc priest

Levels and vault maps discovered:
D:1:      lightli_arrival_flooded_house, layout_rooms,
          hellmonk_ecumenical_altar_run_dry
D:2:      layout_loops_ring, kennysheep_jessica_study, uniq_robin
D:3:      layout_loops_cross, ashenzari_altar_1, st_stairs_5, uniq_terence

Action                   |  1- 3 |  4- 6 || total
-------------------------+-------+-------++-------
Melee: Dagger            |    21 |     7 ||    28
       Constrict         |     3 |     1 ||     4
 Cast: Foxfire           |    44 |    42 ||    86
  Use: Potion            |       |     5 ||     5
       Scroll            |       |     1 ||     1
 Stab: Sleeping          |     1 |     1 ||     2
Armor: Skin              |     1 |     6 ||     7
Dodge: Dodged            |    36 |    29 ||    65
